 Dungeon Crawl Stone Soup version 0.30-a0-900-g23479c02f2 (webtiles) character file.

Game seed: 14405862976244157995

364 gelatine the Chopper (level 6, 0/47 HPs)
             Began as a Demonspawn Gladiator on Mar 19, 2023.
             Slain by Menkaure (21 damage)
             ... on level 4 of the Dungeon.
             The game lasted 00:08:24 (2954 turns).

gelatine the Chopper (Demonspawn Gladiator)         Turns: 2954, Time: 00:08:24

Health: 0/47       AC:  3    Str: 16    XL:     6   Next: 39%
Magic:  6/6        EV: 13    Int: 10    God:
Gold:   106        SH:  0    Dex: 14    Spells: 4/5 levels left

rFire   . . .      SeeInvis +    a - +0 war axe
rCold   . . .      Faith    .    (no shield)
rNeg    . . .      Spirit   .    b - +0 leather armour
rPois   .          Reflect  .    (helmet unavailable)
rElec   .          Rampage  .    (no cloak)
rCorr   .                        (no gloves)
Will    .....                    (no boots)
Stlth   +                        (no amulet)
HPRegen 0.27/turn                (no ring)
MPRegen 0.10/turn                (no ring)

@: no status effects
A: antennae 3, powered by pain 1
a: no special abilities


You were on level 4 of the Dungeon.
You visited 1 branch of the dungeon, and saw 4 of its levels.

You collected 196 gold pieces.
You spent 90 gold pieces at shops.

Inventory:

Hand Weapons
 a - a +0 war axe (weapon)
Missiles
 d - 2 throwing nets (quivered)
 h - a curare-tipped dart
Armour
 b - a +0 leather armour (worn)
 c - a +0 helmet
 q - a scarf of invisibility
Wands
 e - a wand of flame (12)
 p - a wand of mindburst (9)
Scrolls
 f - a scroll of butterflies {unknown}
 i - a scroll of teleportation
 j - 2 scrolls of enchant weapon
 k - a scroll of immolation {unknown}
 m - a scroll of fog {unknown}
 n - a scroll of brand weapon {unknown}
Potions
 g - a potion of curing
 o - a potion of haste
 r - a potion of heal wounds
 s - a potion of attraction {unknown}
 t - a potion of ambrosia {unknown}
 u - a potion of brilliance
 v - a potion of flight {unknown}


   Skills:
 * Level 3.1 Fighting
 + Level 4.1 Axes
 + Level 2.1 Throwing
 * Level 3.0 Armour
 * Level 3.8 Dodging
 + Level 0.2 Stealth
 * Level 0.2 Spellcasting
 * Level 0.1 Transmutations
 * Level 0.4 Evocations


You had 4 spell levels left.
You knew the following spells:

 Your Spells              Type           Power      Damage    Failure   Level
a - Beastly Appendage     Tmut           0%         N/A       38%         1

Your spell library contained the following spells:

 Spells                   Type           Power      Damage    Failure   Level
 Wereblood                Tmut           0%         N/A       54%         2
 Ignite Poison            Fire/Tmut/Pois 0%         N/A       78%         3
 Spider Form              Tmut/Pois      0%         N/A       78%         3
 Kindle Blastsparks       Fire/Tloc/Air  0%         2d10      80%         3
 Fulminant Prism          Conj/Hex       0%         3d5       99%         4
 Iskenderun's Mystic Bla  Conj/Tloc      0%         2d3       99%         4
 Freezing Cloud           Conj/Ice/Air   0%         6-21      100%        5
 Lee's Rapid Deconstruct  Erth           0%         3d4*      100%        5


Dungeon Overview and Level Annotations

Branches:
Dungeon (4/15)
 Temple: D:4-7

Altars:
Wu Jian

Shops:
D:3 ?

Annotations:
D:4 Menkaure


Innate Abilities, Weirdness & Mutations

You have a pair of large antennae on your head. (SInv)
You sometimes gain a little power by taking damage.


Message History

You hit the iguana but do no damage.
The iguana is severely wounded.
The iguana bites you!
You closely miss the iguana.
The iguana is severely wounded.
The iguana bites you.
You slash the iguana!
You kill the iguana!
You sense a monster nearby.
A ball python comes into view.
You throw a throwing net. The throwing net hits the ball python.
The ball python is caught in the net!
The ball python hisses angrily.
The ball python struggles against the net.
The ball python struggles against the net.
The ball python struggles against the net.
You slash the ball python!
You kill the ball python!
d - 2 throwing nets (gained 1)
You see here a ball python corpse.
You see here a ball python corpse.
l - a javelin You see here a giant cockroach corpse.
Menkaure, Prince of Dust comes into view.
You throw a javelin.
The javelin pierces through Menkaure but does no damage.
You hit Menkaure.
Menkaure is lightly damaged.
Menkaure closely misses you.
You hit Menkaure but do no damage.
Menkaure is lightly damaged.
Menkaure calls on the powers of darkness!
Your body is wracked with pain!
You barely miss Menkaure.
Menkaure is lightly damaged.
Menkaure barely misses you.
You barely miss Menkaure.
Menkaure is lightly damaged.
Menkaure hits you!!
You die...

## #.###.# #.
...... ##.###...
####...##.##
#....#..†..#
#(##...##..######
#.###.###.......#
#M# #.###.#######
#@###.##..#
##.##...#.#...#
...........##.##
###.#....†.##.# #
#.....###.#
##...## #.# {
##.## #.# #.# #.#
#.#####.####


You could see Menkaure.

Vanquished Creatures
  Sigmund (D:2)
  A scorpion (D:3)
  An iguana (D:4)
  5 gnolls
  An adder (D:3)
  A worm (D:2)
  2 dart slugs
  An orc (D:3)
  4 endoplasms
  7 giant cockroaches
  5 goblins
  6 hobgoblins
  8 kobolds
  4 quokkas
  4 ball pythons
  8 bats
  2 frilled lizards (D:2)
  3 rats (D:2)
64 creatures vanquished.

Notes
Turn   | Place    | Note
-------+----------+-------------------------------------------
     0 | D:1      | gelatine the Demonspawn Gladiator began the quest for the
                  | Orb.
     0 | D:1      | Reached XP level 1. HP: 16/16 MP: 1/1
   174 | D:1      | Gained mutation: You have a pair of small antennae on your
                  | head. [demonic ancestry]
   174 | D:1      | Reached XP level 2. HP: 17/22 MP: 2/2
   478 | D:1      | Reached skill level 3 in Axes
   478 | D:1      | Reached skill level 1 in Armour
   673 | D:1      | Gained mutation: You have a pair of antennae on your head.
                  | [demonic ancestry]
   673 | D:1      | Reached XP level 3. HP: 21/27 MP: 3/3
  1025 | D:2      | Gained mutation: You sometimes gain a little power by
                  | taking damage. [demonic ancestry]
  1025 | D:2      | Reached XP level 4. HP: 17/34 MP: 4/4
  1299 | D:2      | Noticed Sigmund
  1306 | D:2      | Killed Sigmund
  1307 | D:2      | Gained mutation: You have a pair of large antennae on your
                  | head. (SInv) [demonic ancestry]
  1307 | D:2      | Reached XP level 5. HP: 12/40 MP: 5/5
  1981 | D:3      | Reached XP level 6. HP: 36/46 MP: 6/6
  2047 | D:3      | Reached skill level 4 in Axes
  2380 | D:3      | Learned a level 1 spell: Beastly Appendage
  2447 | D:3      | Found Woseas's Magic Scroll Boutique.
  2455 | D:3      | Bought a scroll of enchant weapon for 90 gold pieces
  2599 | D:3      | Found an ornate altar of the Wu Jian Council.
  2948 | D:4      | Noticed Menkaure
  2954 | D:4      | Slain by Menkaure

Illustrated notes

Levels and vault maps discovered:
D:1:      ncdulo_lavacross, layout_basic, serial_curves, eino_curves_04,
          eino_curves_04, eino_curves_03, eino_curves_01
D:2:      layout_rooms, minmay_cupped, uniq_sigmund
D:3:      layout_loops_ring, pdpol_wu_jian_five_deadly_venoms, serial_shops,
          nicolae_shop_behind_doors
D:4:      layout_loops_ring, mainiacjoe_overflow_alcove_4,
          nicolae_tso_besieged_by_evil, uniq_menkaure, uniq_grinder,
          uniq_duvessa

Skill      XL: |  1  2  3  4  5  6 |
---------------+-------------------+-----
Dodging        | 3 |  3.8
Axes           | 3 4 |  4.1
Armour         | 1 2 3 |  3.0
Throwing       | 2 |  2.1
Fighting       | 3 |  3.1
Stealth        | |  0.2
Spellcasting   | |  0.2
Transmutations | |  0.1
Evocations     | |  0.4

Action                     |  1- 3 |  4- 6 || total
---------------------------+-------+-------++-------
  Melee: War axe           |    75 |    77 ||   152
         Punch             |       |     2 ||     2
  Throw: Dart              |       |     2 ||     2
         Javelin           |       |    10 ||    10
         Throwing net      |       |     3 ||     3
  Evoke: Wand              |       |     6 ||     6
    Use: Scroll            |       |     4 ||     4
 Armour: Leather armour    |    27 |    21 ||    48
  Dodge: Dodged            |    64 |    42 ||   106

Table legend: (Time is in decaauts)
 A = Elapsed time spent in this place.
 B = Non-inter-level travel time spent in this place.
 C = Inter-level travel time spent in this place.
 D = Time resting spent in this place.
 E = Time spent auto-exploring this place.
 F = Levels seen in this place.
 G = Mean time per level.
                   A        B        C        D        E       F      G
               +--------+--------+--------+--------+--------+-----+--------+
         Total |   3006 |   2937 |     69 |    200 |   2096 |   4 |  751.5 |
       Dungeon |   3006 |   2937 |     69 |    200 |   2096 |   4 |  751.5 |
               +--------+--------+--------+--------+--------+-----+--------+

Top non-repeatable levels by time:
     D:2: 1017 daAuts
     D:3: 936 daAuts
     D:1: 912 daAuts
     D:4: 139 daAuts
